 Dungeon Crawl Stone Soup version 0.28.0-53-g5a82cb258f (webtiles) character file.

Game seed: 6164052381943093320

126 Stomo the Skirmisher (level 4, -2/41 HPs)
             Began as a Draconian Monk on July 4, 2022.
             Killed by divine providence
             ... invoked by an orc priest
              (9 damage)
             ... on level 3 of the Dungeon.
             The game lasted 00:03:57 (2678 turns).

Stomo the Skirmisher (Draconian Monk)               Turns: 2678, Time: 00:03:57

Health: -2/41      AC:  5    Str: 16    XL:     4   Next: 84%
Magic:  4/4        EV: 13    Int: 10    God:
Gold:   47         SH:  5    Dex: 13    Spells: 3/3 levels left

rFire   . . .      SeeInvis .   c - +0 whip (freeze)
rCold   . . .      Faith    .   (no shield)
rNeg    . . .      Spirit   .   (armour unavailable)
rPois   .          Reflect  +   (helmet restricted)
rElec   .          Harm     .   (no cloak)
rCorr   .          Rampage  .   (no gloves)
Will    .....                   (no boots)
Stlth   ++........              l - amulet of reflection
HPRegen 0.13/turn               (no ring)
MPRegen 0.09/turn               (no ring)

@: no status effects
A: AC +5, unfitting armour, cold-blooded
a: no special abilities


You were on level 3 of the Dungeon.
You visited 1 branch of the dungeon, and saw 3 of its levels.

You collected 47 gold pieces.

Inventory:

Hand Weapons
 a - a +0 mace
 c - a +0 whip of freezing (weapon)
Armour
 j - a scarf of harm
Jewellery
 l - an amulet of reflection (around neck)
Wands
 m - a wand of flame (11)
Scrolls
 e - 2 scrolls of torment {unknown}
 f - a scroll of enchant armour {unknown}
 i - 2 scrolls of amnesia
 o - a scroll of immolation {unknown}
Potions
 b - a potion of degeneration
 d - a potion of haste
 g - a potion of curing
 h - a potion of might {unknown}
 k - a potion of lignification {unknown}
 n - 2 potions of brilliance {unknown}


   Skills:
 + Level 4.4 Fighting
 + Level 4.0 Maces & Flails
 + Level 3.6 Dodging
 - Level 1.7 Stealth


You had 3 spell levels left.
You didn't know any spells.
Your spell library was empty.

Dungeon Overview and Level Annotations

Branches:
Dungeon (3/15)

Altars:

Annotations:
D:2 Sigmund
D:3 1 runed translucent door, Crazy Yiuf


Innate Abilities, Weirdness & Mutations

Your plain brown scales are hard. (AC +5)
You cannot fit into any form of body armour.
You are cold-blooded and may be slowed by cold attacks.


Message History

2 orc priests and 3 orcs come into view.
There are monsters nearby!
There are monsters nearby!
You start waiting.
Done waiting.
The orc priest shouts!
You hear a shout! x2
An orc comes into view. It is wielding a +0 dagger.
The orc shouts!
You start waiting.
An orc is nearby!
You hit the orc. You freeze the orc.
Your tail-slap misses the orc.
The orc is severely wounded.
The orc hits you with a +0 club.
You hit the orc. You freeze the orc.
You kill the orc!
The orc priest mumbles some strange prayers to Beogh against you.
Pain shoots through your body! The orc priest closely misses you.
An orc comes into view. It is wielding a +0 war axe.
The orc priest hits you with a +0 whip. The orc hits you but does no damage.
Things that are here:
a +0 club; an orc corpse You hit the orc priest.
You freeze the orc priest.
Your tail-slap misses the orc priest.
The orc priest is lightly wounded.
The orc barely misses you.
The orc priest hits you with a +0 flail.
You block the orc priest's attack. You block the orc's attack.
The orc priest closely misses you.
You hit the orc priest. You freeze the orc priest.
The orc priest is moderately wounded.
The orc priest invokes the aid of Beogh against you.
Beogh smites you!
* * * LOW HITPOINT WARNING * * *
The orc priest hits you with a +0 whip.
* * * LOW HITPOINT WARNING * * *
The orc shouts!
The orc priest invokes the aid of Beogh against you.
Beogh smites you!
You die...

#..........#####.#.###..
##..........#####.#.####♣
#.....................#
..##.#.#...#####.....###
#..##.#.#...# #........
.........#...# #........
....####.....### #........
.>....†.......)# #........
##.#####.@...### #........
........o###...###....#...
########o)oo..............
#.#o......#....#...
#.#.#...#.#........ #.#..
.... ........ #.#... ...
...##... #.#...o ..
........ #.#.#... .
........


You could see 2 orc priests.

Vanquished Creatures
  Robin (D:2)
  3 gnolls
  An adder (D:2)
  3 dart slugs (D:2)
  2 orcs (D:3)
  A ball python (D:3)
  7 endoplasms
  2 giant cockroaches
  11 goblins
  9 hobgoblins
  7 kobolds
  12 bats
  2 frilled lizards (D:1)
  5 rats
66 creatures vanquished.

Notes
Turn   | Place    | Note
-------+----------+-------------------------------------------
     0 | D:1      | Stomo the Draconian Monk began the quest for the Orb.
     0 | D:1      | Reached XP level 1. HP: 19/19 MP: 1/1
   154 | D:1      | Reached XP level 2. HP: 26/26 MP: 2/2
   733 | D:1      | Found a faded altar of an unknown god.
  1073 | D:2      | Reached XP level 3. HP: 32/33 MP: 3/3
  1076 | D:2      | Noticed Robin
  1274 | D:2      | Killed Robin
  1603 | D:2      | Reached XP level 4. HP: 28/40 MP: 4/4
  2146 | D:2      | Noticed Sigmund
  2524 | D:3      | Found a runed translucent door.
  2525 | D:3      | Noticed Crazy Yiuf
  2678 | D:3      | Killed from afar by an orc priest

Illustrated notes

Levels and vault maps discovered:
D:1:      dpeg_arrival_shelter, layout_loops_cross,
          dilly_ecumenical_altar_fadedgnrine, chequers_serial_rivers_micro_c
D:2:      layout_loops_ring, kennysheep_generic_room_13, uniq_sigmund,
          uniq_robin
D:3:      cheibrodos_pilgrimage, layout_basic, gammafunk_ghost_grave,
          saegor_snake_ambush, uniq_natasha, uniq_crazy_yiuf_cottage

Skill      XL: |  1  2  3  4 |
---------------+-------------+-----
Dodging        | 3 |  3.6
Fighting       | 4 |  4.4
Maces & Flails | 4 |  4.0
Stealth        | |  1.7

Action                   |  1- 3 |  4- 6 || total
-------------------------+-------+-------++-------
Melee: Mace              |   120 |     2 ||   122
       Tailslap          |    10 |    16 ||    26
       Punch             |     2 |       ||     2
       Whip              |       |    98 ||    98
  Use: Scroll            |     1 |     5 ||     6
 Stab: Sleeping          |     4 |     2 ||     6
Armor: Skin              |    41 |    23 ||    64
Dodge: Dodged            |    87 |    57 ||   144
Block: Other             |    14 |    27 ||    41
